cohdb
Replays
Latest Replays
All Replays
Popular Replays
Top Player Replays
Match Explorer
How It Works
Community
CoH3 Stats
Reddit
Sign in to upload your games and track your stats! →
Sign in with Steam
Match 42253416
Unlisted
Match 42253416
Overview
Messages
Build Orders
End
Construct Barracks
Selects Special Operations Battlegroup
Selects M29 Weasel Recon Vehicle
M29 Weasel Recon Vehicle
Riflemen Squad
Riflemen Squad
Grenade Package
Infantry Support Center
Construct Motor Pool
Selects Raiding Flares
M24 Chaffee Light Tank
Raiding Flares
M1 Anti-tank Gun Team
Selects SSF Commando Squad
SSF Commando Squad
SSF Commando Squad
Advanced Logistics
Raiding Flares
Construct Tank Depot
Selects P-47 Anti-Infantry Loiter
P-47 Anti-Infantry Loiter
Raiding Flares
M4A1 Sherman Medium Tank
Construct Medical Station
Raiding Flares
Engineer Squad
Survival Training
M1 Anti-tank Gun Team
M1 Anti-tank Gun Team
Raiding Flares
M4A1 Sherman Medium Tank
Construct Weapon Support Center
SSF Commando Squad
Selects Assault Operation
Dahlian
[82AD] PaulVmax
Firehawk
rpmman99
0
0
Comments
sign in to comment!
No comments posted yet!